 Dungeon Crawl Stone Soup version 0.19.1-1-g22dce08 (webtiles) character file.

725 galech the Shield-Bearer (level 7, -5/44 HPs)
             Began as a Gargoyle Fighter on Jan 13, 2017.
             Was a Believer of Elyvilon.
             Splashed by an oklob plant's acid (9 damage)
             ... on level 5 of the Dungeon.
             The game lasted 00:08:07 (4720 turns).

galech the Shield-Bearer (Gargoyle Fighter)         Turns: 4720, Time: 00:08:07

Health: -5/44      AC: 14    Str: 21    XL:     7   Next: 71%
Magic:  7/7        EV:  3    Int:  9    God:    Elyvilon [**....]
Gold:   313        SH: 18    Dex:  9    Spells: 0 memorised, 6 levels left

rFire  . . .     SeeInvis .     a - +0 flail
rCold  . . .     Gourm    .     c - +0 plate armour (curse)
rNeg   + + .     Faith    .     D - +0 large shield
rPois  ∞         Spirit   .     l - +0 helmet
rElec  +         Reflect  +     (no cloak)
rCorr  .         Harm     .     (no gloves)
MR     .....                    (no boots)
Stlth  ..........               k - +3 amulet of reflection
                                (no ring)
                                r - ring of positive energy

@: corroded
A: negative energy resistance 1, electricity resistance, unbreathing,
petrification resistance, rot immunity, AC +4
a: Lesser Healing, Heal Other, Divine Protection, Renounce Religion


You were on level 5 of the Dungeon.
You worshipped Elyvilon.
Elyvilon was pleased with you.
You were hungry.

You visited 1 branch of the dungeon, and saw 5 of its levels.

You collected 313 gold pieces.

Inventory:

Hand Weapons
 a - a +0 flail (weapon)
Armour
 c - a cursed +0 plate armour (worn)
 l - a +0 helmet (worn)
 D - a +0 large shield (worn)
Jewellery
 k - a +3 amulet of reflection (around neck)
 r - a ring of positive energy (left hand)
Wands
 b - a wand of disintegration (7/24)
Scrolls
 e - 3 scrolls of identify {unknown}
 g - a scroll of recharging {unknown}
 h - 5 scrolls of enchant weapon {unknown}
 o - a scroll of remove curse {unknown}
 v - a scroll of teleportation {unknown}
 w - 3 scrolls of noise {unknown}
 y - a scroll of magic mapping {unknown}
 z - a scroll of enchant armour {unknown}
 C - a scroll of random uselessness {unknown}
Potions
 d - 2 potions of might
 i - a potion of brilliance {unknown}
 m - 4 potions of heal wounds {unknown}
 n - 2 potions of haste {unknown}
 q - 3 potions of curing {unknown}
 s - 3 potions of lignification {unknown}
 t - 2 potions of degeneration {unknown}
 u - 2 potions of agility {unknown}
 x - a potion of ambrosia {unknown}
 B - a potion of cancellation {unknown}
Comestibles
 f - 5 bread rations
 j - 3 beef jerkies
 p - a fruit
 A - 3 meat rations
 E - 2 chunks of flesh


   Skills:
 + Level 4.3 Fighting
 + Level 5.2 Maces & Flails
 + Level 4.4 Armour
 + Level 1.7 Dodging
 + Level 1.0 Stealth
 + Level 6.1 Shields


You had 6 spell levels left.
You didn't know any spells.

Dungeon Overview and Level Annotations

Branches:
Dungeon (5/15)
 Temple: D:4-7

Altars:
Ashenzari
Elyvilon
Fedhas
Gozag
Kikubaaqudgha
Uskayaw
Xom
Yredelemnul
The Shining One

Shops:
D:4 :

Annotations:
D:5 exclusion: oklob plant


Innate Abilities, Weirdness & Mutations

You are resistant to torment.
Your stone body is resilient. (AC +4)
You are immune to poison.
You resist negative energy. (rN+)
You are resistant to electric shocks. (rElec)
You can survive without breathing.
You are immune to petrification.
You are immune to rotting.


Message History

You are feeling hungry.
You sock the plant!
The plant is almost destroyed.
You sock the plant!
You destroy the plant!
The oklob plant spits acid at you. The splash of acid hits you!
The acid corrodes you!
You are splashed with acid!
The acid burns!
You see here a fruit.
You hit the oklob plant but do no damage.
The oklob plant spits acid at you. The splash of acid hits you!
The acid corrodes you!
You are splashed with acid!
The acid burns!
* * * LOW HITPOINT WARNING * * *
You hit the oklob plant but do no damage.
The oklob plant spits acid at you. The splash of acid hits you!
* * * LOW HITPOINT WARNING * * *
You are splashed with acid!
The acid burns!
You die... .##......# .##......# .........# ###....>.# ##################### #P.PPPP#PP#P♣P.PPP♣P# #PP.PPPP#P#PPP.P%.P.# ##P.P#P#P.PPPPPP.%P## #P♣.PP♣PPPPPPP.@♣%.P#

##P. #P........PPP%#P#
.#PP♣#..≈≈≈≈≈...PP%P##
##P♣P..≈≈≈≈≈≈≈..PPPPP#
#P#..≈≈≈≈≈≈≈≈≈..P.#P#
##P..≈≈≈≈≈≈≈≈≈≈≈...♣P#
.###.≈≈≈≈...≈≈≈≈.PPPP#
.....≈≈≈≈._......P♣PP#
.###.≈≈≈≈...≈≈≈≈.♣♣P.#


You could see an oklob plant.

Vanquished Creatures
  2 scorpions (D:4)
  A centaur zombie (D:5)
  A hound (D:4)
  A centaur skeleton (D:5)
  6 orc wizards
  2 iguanas
  3 worker ants
  8 gnolls
  3 adders
  An ooze (D:3)
  5 worms
  3 dart slugs
  4 leopard geckos
  12 orcs
  6 giant cockroaches
  10 goblins
  10 hobgoblins
  9 jackals
  4 quokkas
  2 ball pythons
  8 bats
  5 frilled lizards
  5 kobolds
  7 rats
  2 plants (D:5)
120 creatures vanquished.

Vanquished Creatures (others)
  A dart slug (D:1)
1 creature vanquished.

Grand Total: 121 creatures vanquished

Notes
Turn   | Place    | Note
-------+----------+-------------------------------------------
     0 | D:1      | galech the Gargoyle Fighter began the quest for the Orb.
     0 | D:1      | Reached XP level 1. HP: 14/14 MP: 1/1
   179 | D:1      | Reached XP level 2. HP: 19/19 MP: 2/2
   648 | D:1      | Reached skill level 4 in Shields
   648 | D:1      | Reached XP level 3. HP: 17/23 MP: 3/3
  1029 | D:2      | Found an ancient bone altar of Kikubaaqudgha.
  1209 | D:2      | Reached XP level 4. HP: 28/28 MP: 4/4
  1465 | D:2      | Found a basalt altar of Yredelemnul.
  1754 | D:2      | Found a white marble altar of Elyvilon.
  1763 | D:2      | Became a worshipper of Elyvilon the Healer
  2214 | D:3      | Found a shimmering altar of Xom.
  2238 | D:3      | Reached XP level 5. HP: 32/33 MP: 5/5
  2811 | D:4      | Reached * piety under Elyvilon
  2907 | D:4      | Found Pokloon's Book Shop.
  2946 | D:4      | Found a shattered altar of Ashenzari.
  2948 | D:4      | Found a hide-covered altar of Uskayaw.
  2974 | D:4      | Reached skill level 1 in Dodging
  2978 | D:4      | Reached skill level 5 in Shields
  2978 | D:4      | Reached XP level 6. HP: 35/38 MP: 6/6
  3400 | D:4      | Reached ** piety under Elyvilon
  3524 | D:4      | Found a glowing golden altar of the Shining One.
  3525 | D:4      | Found an opulent altar of Gozag.
  3992 | D:4      | Reached XP level 7. HP: 43/43 MP: 7/7
  4028 | D:5      | Entered Level 5 of the Dungeon
  4115 | D:5      | Reached skill level 1 in Stealth
  4137 | D:5      | Reached skill level 5 in Maces & Flails
  4297 | D:5      | Reached skill level 6 in Shields
  4685 | D:5      | Found a blossoming altar of Fedhas.
  4696 | D:5      | Noticed an oklob plant
  4720 | D:5      | Splashed by an oklob plant's acid

Skill      XL: |  1  2  3  4  5  6  7 |
---------------+----------------------+-----
Shields        | 4 5 6 |  6.1
Maces & Flails | 3 4 5 |  5.2
Armour         | 4 |  4.4
Dodging        | 1 |  1.7
Fighting       | 4 |  4.3
Stealth        | 1 |  1.0

Action                   |  1- 3 |  4- 6 |  7- 9 || total
-------------------------+-------+-------+-------++-------
Melee: Flail             |   139 |   309 |   128 ||   576
  Eat: Chunk             |     1 |    10 |     2 ||    13
Armor: Scale mail        |    47 |   116 |    32 ||   195
       Plate armour      |       |       |    22 ||    22
Dodge: Dodged            |    27 |    71 |    24 ||   122
Block: Shield            |    78 |   218 |       ||   296
       Reflection        |     3 |     4 |     1 ||     8
       Large shield      |       |     2 |   157 ||   159
